 Dungeon Sprint DCSS version 0.21.1-1-g345015f (webtiles) character file.

132 Fang the Skirmisher (level 5, -2/57 HPs)
             Began as a Gargoyle Berserker on July 15, 2018.
             Was a Priest of Trog.
             Slain by a gnoll
             ... wielding a +0 whip
              (4 damage)
             ... in the Dungeon (Sprint VII: "The Pits").
             The game lasted 00:00:38 (107 turns).

Fang the Skirmisher (Gargoyle Berserker)             Turns: 107, Time: 00:00:39

Health: -2/57      AC:  6    Str: 26    XL:     5   Next: 15%
Magic:  5/5        EV: 13    Int:  8    God:    Trog [***...]
Gold:   0          SH:  0    Dex:  9    Spells: 4/4 levels left

rFire    . . .     SeeInvis .   j - +2 hand axe
rCold    . . .     Gourm    .   (no shield)
rNeg     + . .     Faith    .   b - +0 animal skin
rPois    ∞         Spirit   .   (no helmet)
rElec    +         Reflect  .   (no cloak)
rCorr    .         Harm     .   (no gloves)
MR       .....     NoTele   +   (no boots)
Stlth    ..........             (no amulet)
HPRegen  0.19/turn              (no ring)
MPRegen  0.09/turn              (no ring)

@: berserking, very quick
A: negative energy resistance 1, electricity resistance, unbreathing,
petrification resistance, rot immunity, AC +4
a: Berserk, Trog's Hand, Burn Spellbooks, Renounce Religion


You were in the Dungeon.
You worshipped Trog.
Trog was most pleased with you.
You were not hungry.

You visited 1 branch

Inventory:

Hand Weapons
 j - a +2 hand axe (weapon)
Armour
 b - a +0 animal skin (worn)
Scrolls
 i - a scroll of blinking
 k - 3 scrolls of remove curse
 l - a scroll of summoning
Potions
 a - 2 potions of invisibility
 d - a potion of curing
 e - a potion of heal wounds
 f - a potion of haste
 g - 4 potions of magic
 h - 3 potions of berserk rage
Comestibles
 c - 9 rations


   Skills:
 + Level 7.2 Fighting
 + Level 5.9 Axes
 + Level 4.3 Armour
 + Level 3.1 Dodging
 + Level 2.3 Stealth


You had 4 spell levels left.
You didn't know any spells.

Dungeon Overview and Level Annotations

Branches:
Dungeon (1/1)

Altars:
Cheibriados
Dithmenos
Elyvilon
Fedhas
Gozag
Hepliaklqana
Makhleb
Nemelex Xobeh
Okawaru
Qazlal
Ru
Sif Muna
Trog
Vehumet
Wu Jian
Xom
Yredelemnul
Zin
The Shining One
Beogh
Jiyva
Lugonu


Innate Abilities, Weirdness & Mutations

You are resistant to torment.
Your stone body is resilient. (AC +4)
You are immune to poison.
You resist negative energy. (rN+)
You are resistant to electric shocks. (rElec)
You can survive without breathing.
You are immune to petrification.
You are immune to rotting.


Message History

Trog accepts your kill.
The gnoll hits you from afar with a spear!
* * * LOW HITPOINT WARNING * * *
The gnoll hits you but does no damage.
A gnoll shaman comes into view. It is wielding a whip.
You closely miss the rat. You slash the rat!
You kill the rat!
Trog accepts your kill. The gnoll misses you. The gnoll barely misses you.
Unknown command.
A gnoll comes into view. It is wielding a whip.
The gnoll shouts!
The gnoll misses you.
Things that are here:
a halberd; a gnoll corpse Unknown command.
You closely miss the gnoll shaman. You hit the gnoll. You slash the gnoll!
The gnoll hits you with a whip.
You die...

#...........'.........
#+#####†#####......#..
#.)#..# #.........
#.†'..# ####'#####
#..#### #.......#
#..#..# #.......#
#..#g.# #.......#
##'#gg#+###...<...#
#..@g....##.......#
#..)g....##.......#
###########.......#
#########


You could see a gnoll shaman and 4 gnolls.

Vanquished Creatures
  A floating eye (D)
  2 gnolls (D)
  An ooze (D)
  2 leopard geckos (D)
  A giant cockroach (D)
  A goblin (D)
  A quokka (D)
  A rat (D)
10 creatures vanquished.

Notes
Turn   | Place    | Note
-------+----------+-------------------------------------------
     0 | D        | Fang the Gargoyle Berserker began the quest for the Orb.
     0 | D        | Reached XP level 1. HP: 14/14 MP: 1/1
    18 | D        | Found a bloodstained altar of Trog.
    18 | D        | Found a deep blue altar of Sif Muna.
    18 | D        | Found a viscous altar of Jiyva.
    18 | D        | Found a hazy altar of Hepliaklqana.
    18 | D        | Found an opulent altar of Gozag.
    19 | D        | Found a glowing golden altar of the Shining One.
    19 | D        | Found a glowing silver altar of Zin.
    19 | D        | Found a basalt altar of Yredelemnul.
    19 | D        | Found a shimmering altar of Xom.
    19 | D        | Found an ornate altar of the Wu Jian Council.
    19 | D        | Found a sacrificial altar of Ru.
    19 | D        | Found a stormy altar of Qazlal.
    19 | D        | Found an iron altar of Okawaru.
    19 | D        | Found a sparkling altar of Nemelex Xobeh.
    19 | D        | Found a burning altar of Makhleb.
    19 | D        | Found a blossoming altar of Fedhas.
    19 | D        | Found a white marble altar of Elyvilon.
    19 | D        | Found a shadowy altar of Dithmenos.
    19 | D        | Found a snail-covered altar of Cheibriados.
    21 | D        | Found a radiant altar of Vehumet.
    21 | D        | Found a corrupted altar of Lugonu.
    21 | D        | Found a roughly hewn altar of Beogh.
    71 | D        | Reached ** piety under Trog
    71 | D        | Reached skill level 4 in Fighting
    71 | D        | Reached XP level 2. HP: 20/20 MP: 2/2
    77 | D        | Noticed a floating eye
    78 | D        | Paralysed by a floating eye for 2 turns
    81 | D        | Killed a floating eye
    81 | D        | Reached skill level 6 in Fighting
    81 | D        | Reached skill level 5 in Axes
    81 | D        | Reached XP level 3. HP: 28/28 MP: 3/3
    81 | D        | Reached XP level 4. HP: 32/32 MP: 4/4
   102 | D        | Reached *** piety under Trog
   102 | D        | Reached skill level 7 in Fighting
   102 | D        | Reached XP level 5. HP: 8/38 MP: 5/5
   103 | D        | HP: 1/57 [gnoll/spear (7)]
   107 | D        | Slain by a gnoll

Skill      XL: |  1  2  3  4 |
---------------+-------------+-----
Axes           | 3 5 |  5.9
Fighting       | 4 6 7 |  7.2
Armour         | 3 4 |  4.3
Dodging        | 2 3 |  3.1
Stealth        | 2 |  2.3

Action                   |  1- 3 |  4- 6 || total
-------------------------+-------+-------++-------
Melee: Hand axe          |    12 |    13 ||    25
Invok: Berserk           |       |     1 ||     1
 Stab: Sleeping          |     2 |       ||     2
Armor: Animal skin       |     2 |     2 ||     4
Dodge: Dodged            |     7 |    14 ||    21
